 Dungeon Crawl Stone Soup version 0.28-a0-1074-g3cb2360906 (webtiles) character file.

Game seed: 8218043829687086224

508 AvatarAndi78 the Chopper (level 6, 0/56 HPs)
             Began as a Minotaur Berserker on Dec 9, 2021.
             Was a Priest of Trog.
             Slain by a jelly (3 damage)
             ... on level 4 of the Dungeon.
             The game lasted 00:04:44 (2693 turns).

AvatarAndi78 the Chopper (Minotaur Berserker)       Turns: 2693, Time: 00:04:44

Health: 0/56       AC:  5    Str: 23    XL:     6   Next: 98%
Magic:  5/5        EV:  9    Int:  4    God:    Trog [***...]
Gold:   148        SH:  0    Dex: 10    Spells: 5/5 levels left

rFire   . . .      SeeInvis .   a - +0 hand axe
rCold   . . .      Faith    .   (no shield)
rNeg    + . .      Spirit   .   k - +0 chain mail
rPois   .          Reflect  .   (helmet restricted)
rElec   .          Harm     .   (no cloak)
rCorr   .          Rampage  .   (no gloves)
Will    .....                   (no boots)
Stlth   ..........              (no amulet)
HPRegen 0.18/turn               d - ring of positive energy
MPRegen 0.09/turn               (no ring)

@: corroded, on berserk cooldown
A: horns 2, retaliatory headbutt
a: Renounce Religion, Berserk, Trog's Hand


You were on level 4 of the Dungeon.
You worshipped Trog.
Trog was most pleased with you.
You visited 1 branch of the dungeon, and saw 4 of its levels.

You collected 148 gold pieces.

Inventory:

Hand Weapons
 a - a +0 hand axe (weapon)
Armour
 k - a +0 chain mail (worn)
Jewellery
 d - a ring of positive energy (left hand)
Scrolls
 c - 2 scrolls of identify {unknown}
 m - a scroll of magic mapping {unknown}
Potions
 b - a potion of haste {unknown}
 e - 3 potions of ambrosia {unknown}
 f - 2 potions of resistance {unknown}
 g - a potion of curing {unknown}
 h - a potion of flight {unknown}
 i - a potion of attraction {unknown}
 j - 2 potions of might {unknown}
 l - a potion of lignification {unknown}


   Skills:
 + Level 5.3 Fighting
 + Level 7.1 Axes
 + Level 4.7 Armour
 + Level 2.9 Dodging
 + Level 0.6 Stealth


You had 5 spell levels left.
You didn't know any spells.
Your spell library was empty.

Dungeon Overview and Level Annotations

Branches:
Dungeon (4/15)
 Temple: D:4-7

Altars:
Qazlal

Shops:
D:2 [


Innate Abilities, Weirdness & Mutations

You have a pair of horns on your head.
You reflexively headbutt those who attack you in melee.


Message History

You now have 148 gold pieces (gained 7).
You open the large door.
You hear a distant slurping noise.
There is a large open door here.
An ogre comes into view. It is wielding a +0 giant club.
The ogre shouts!
A jelly comes into view.
A hobgoblin comes into view.
A giant cockroach comes into view.
You feel yourself speed up.
The hobgoblin shouts!
The jelly quivers.
The ogre hits you with a +0 giant club.
You're still recovering from your berserk rage.
You hit the ogre.
The ogre is lightly wounded.
You hit the ogre but do no damage.
The ogre is lightly wounded.
The ogre hits you with a +0 giant club!
You hit the ogre. Your headbutt misses the ogre.
The ogre is moderately wounded.
The ogre hits you with a +0 giant club!
You hit the ogre.
The ogre is moderately wounded.
You hit the giant cockroach.
The giant cockroach bites you but does no damage.
You slash the ogre!
The ogre is severely wounded.
You closely miss the giant cockroach.
The ogre hits you with a +0 giant club!!
* * * LOW HITPOINT WARNING * * *
The giant cockroach barely misses you. You furiously retaliate!
You headbutt the giant cockroach.
You kill the giant cockroach!
Trog accepts your kill.
You hit the ogre.
The ogre is almost dead.
You hit the jelly but do no damage. The acid corrodes you!
Your hands burn!
* * * LOW HITPOINT WARNING * * *
You hit the hobgoblin. The jelly hits you.
You die...

.........# #.
........#
.#..
........#
...# .......#
#.. .......
###.###....#
#.....JgO..#
#......@...#
#......##.##
####..###+###
##.#.....#
#.#.....# .
#.#.....# ..
#.'.....#
...###'.....#
........#+###


You could see an ogre, a jelly and a hobgoblin.

Vanquished Creatures
  Eustachio (D:4)
  Menkaure (D:4)
  An ogre (D:3)
  A hound (D:4)
  Robin (D:3)
  2 adders
  4 worms
  An orc (D:3)
  5 bats
  7 endoplasms
  3 giant cockroaches
  23 goblins
  9 hobgoblins
  4 quokkas
  8 ball pythons
  3 frilled lizards
  8 kobolds
  5 rats
87 creatures vanquished.

Notes
Turn   | Place    | Note
-------+----------+-------------------------------------------
     0 | D:1      | AvatarAndi78 the Minotaur Berserker began the quest for the
                  | Orb.
     0 | D:1      | Reached XP level 1. HP: 19/19 MP: 0/0
   275 | D:1      | Reached skill level 4 in Axes
   275 | D:1      | Reached XP level 2. HP: 25/27 MP: 1/1
   666 | D:1      | Found a faded altar of an unknown god.
   675 | D:1      | Reached ** piety under Trog
   926 | D:1      | Reached XP level 3. HP: 33/33 MP: 2/2
  1448 | D:2      | Found Voogeom's Antique Armour Shop.
  1829 | D:3      | Reached XP level 4. HP: 29/41 MP: 3/3
  1993 | D:3      | Identified the +0 helmet of a bazaar {Harm Dex+3}
  1993 | D:3      | Noticed Robin
  2001 | D:3      | Reached skill level 5 in Axes
  2010 | D:3      | Killed Robin
  2026 | D:3      | Found a stormy altar of Qazlal.
  2147 | D:3      | Noticed an ogre
  2151 | D:3      | Reached *** piety under Trog
  2153 | D:3      | Killed an ogre
  2154 | D:3      | Reached XP level 5. HP: 47/47 MP: 4/4
  2386 | D:4      | Noticed Eustachio
  2399 | D:4      | Killed Eustachio
  2400 | D:4      | Reached skill level 5 in Fighting
  2400 | D:4      | Reached skill level 6 in Axes
  2400 | D:4      | Reached XP level 6. HP: 56/56 MP: 5/5
  2650 | D:4      | Noticed Menkaure
  2655 | D:4      | Killed Menkaure
  2656 | D:4      | Reached skill level 7 in Axes
  2693 | D:4      | Slain by a jelly

Illustrated notes

Levels and vault maps discovered:
D:1:      dpeg_arrival_morbid_curiosity, layout_loops_ring,
          hellmonk_ecumenical_altar_lost_god
D:2:      layout_rooms, serial_shops, shop_statue
D:3:      layout_basic, nicolae_qazlal_scattered_showers, minmay_ogre_servants,
          uniq_robin
D:4:      layout_basic, uniq_eustachio, uniq_menkaure

Skill      XL: |  1  2  3  4  5  6 |
---------------+-------------------+-----
Axes           | 4 5 6 7 |  7.1
Fighting       | 4 5 |  5.3
Armour         | 3 4 |  4.7
Dodging        | |  2.9
Stealth        | |  0.6

Action                   |  1- 3 |  4- 6 || total
-------------------------+-------+-------++-------
Melee: Hand axe          |    98 |    76 ||   174
       Headbutt          |    16 |     8 ||    24
Invok: Berserk           |       |     4 ||     4
       Trog's Hand       |       |     1 ||     1
Armor: Animal skin       |    10 |       ||    10
       Ring mail         |    18 |     2 ||    20
       Chain mail        |       |    31 ||    31
Dodge: Dodged            |    55 |    28 ||    83

Table legend: (Time is in decaauts)
 A = Elapsed time spent in this place.
 B = Non-inter-level travel time spent in this place.
 C = Inter-level travel time spent in this place.
 D = Time resting spent in this place.
 E = Time spent auto-exploring this place.
 F = Levels seen in this place.
 G = Mean time per level.
                   A        B        C        D        E       F      G
               +--------+--------+--------+--------+--------+-----+--------+
         Total |   2739 |   2660 |     79 |      0 |   2194 |   4 |  684.8 |
       Dungeon |   2739 |   2660 |     79 |      0 |   2194 |   4 |  684.8 |
               +--------+--------+--------+--------+--------+-----+--------+

Top non-repeatable levels by time:
     D:1: 1277 daAuts
     D:3: 801 daAuts
     D:2: 427 daAuts
     D:4: 233 daAuts
